 Dungeon Crawl Stone Soup version 0.27-a0-660-g90476cec82 (webtiles) character file.

Game seed: 14795815115902778738

162 MalarOregon the Vandal (level 5, 0/35 HPs)
             Began as a Halfling Hunter on Mar 16, 2021.
             Slain by an orc
             ... wielding a +0 club
              (1 damage)
             ... on level 4 of the Dungeon.
             The game lasted 00:04:37 (2481 turns).

MalarOregon the Vandal (Halfling Hunter)            Turns: 2481, Time: 00:04:38

Health: 0/35       AC:  5    Str: 13    XL:     5   Next: 71%
Magic:  6/6        EV: 11    Int: 16    God:
Gold:   200        SH:  7    Dex: 15    Spells: 6/6 levels left

rFire    . . .     SeeInvis .   b - +2 short sword (venom)
rCold    . . .     Faith    .   v - +0 kite shield
rNeg     . . .     Spirit   .   c - +0 leather armour
rPois    .         Reflect  .   (no helmet)
rElec    .         Harm     .   (no cloak)
rCorr    .         Rampage  .   r - +1 pair of gloves
Will     .....                  (no boots)
Stlth    ++........             (no amulet)
HPRegen  0.11/turn              w - +6 ring of intelligence
MPRegen  0.10/turn              h - ring of flight

@: no status effects
A: small, no large weapons, mutation resistance 1
a: Evoke Flight


You were on level 4 of the Dungeon.
You visited 1 branch of the dungeon, and saw 4 of its levels.

You collected 200 gold pieces.

Inventory:

Hand Weapons
 a - a +1 hunting sling
 b - a +2 short sword of venom (weapon)
   (You found it on level 1 of the Dungeon)
Missiles
 d - 39 sling bullets
 i - 21 poisoned darts (quivered)
 j - 133 stones
Armour
 c - a +0 leather armour (worn)
 r - a +1 pair of gloves (worn)
   (You found it on level 2 of the Dungeon)
 v - a +0 kite shield (worn)
   (You found it on level 3 of the Dungeon)
Jewellery
 g - a ring of positive energy
   (You found it on level 1 of the Dungeon)
 h - a ring of flight (left hand)
   (You found it on level 1 of the Dungeon)
 l - a +4 ring of protection
   (You found it on level 1 of the Dungeon)
 w - a +6 ring of intelligence (right hand)
   (You found it on level 3 of the Dungeon)
Wands
 t - a wand of polymorph (7)
   (You found it on level 2 of the Dungeon)
Scrolls
 k - a scroll of enchant armour {unknown}
 m - a scroll of blinking {unknown}
 n - 2 scrolls of fear
 o - a scroll of magic mapping {unknown}
 p - 3 scrolls of identify {unknown}
 s - a scroll of teleportation {unknown}
Potions
 e - a potion of curing {unknown}
 f - a potion of cancellation {unknown}
 q - a potion of might {unknown}
 u - a potion of lignification {unknown}


   Skills:
 + Level 2.4 Fighting
 + Level 1.7 Short Blades
 * Level 7.1 Slings
 + Level 2.8 Dodging
 + Level 2.5 Stealth
 + Level 0.4 Shields
 + Level 1.0 Spellcasting


You had 6 spell levels left.
You didn't know any spells.
Your spell library was empty.

Dungeon Overview and Level Annotations

Branches:
Dungeon (4/15)
 Temple: D:4-7

Altars:
Elyvilon
Okawaru
Uskayaw
The Shining One


Innate Abilities, Weirdness & Mutations

You are small and have problems with some larger weapons.
You are somewhat resistant to further mutation.


Message History

No target in view!
There is a stone staircase leading up here.
An orc priest comes into view. It is wielding a +0 hand axe.
An orc priest is nearby!
An orc priest is nearby! 2 orcs come into view.
The orc priest shouts!
You hear a shout! x2
An orc comes into view. It is wielding a +0 dagger.
You hit the orc priest.
The orc priest is poisoned.
An orc comes into view. It is wielding a +0 flail.
The orc priest hits you with a +0 hand axe!
You block the orc's attack.
You puncture the orc priest!
The orc priest looks as sick as possible!
The orc priest hits you with a +0 hand axe.
You block the orc's attack.
You hit the orc priest.
You kill the orc priest!
You block the orc's attack.
You closely miss the orc. You completely miss the orc.
The orc hits you but does no damage.
You completely miss the orc. The orc hits you with a +0 dagger.
The orc hits you but does no damage. The orc hits you.
The orc barely misses you.
You barely miss the orc. You block the orc's attack. x2
The orc hits you with a +0 dagger. The orc hits you but does no damage.
You hit the orc.
The orc is poisoned.
The orc hits you but does no damage.
You block the orc's attack. x2; The orc hits you with a +0 flail.
* * * LOW HITPOINT WARNING * * *
The orc throws a boomerang.
You block the boomerang.
You hit the orc.
You kill the orc!
You block the orc's attack.
You barely miss the orc. The orc hits you but does no damage.
You barely miss the orc. The orc misses you.
You barely miss the orc. The orc hits you but does no damage.
You hit the orc.
The orc is poisoned.
The orc hits you but does no damage.
You hit the orc.
The orc looks as sick as possible!
You kill the orc!
The orc throws a boomerang.
The boomerang hits you!
* * * LOW HITPOINT WARNING * * *
You barely miss the orc. The orc hits you but does no damage.
You hit the orc. The orc hits you with a +0 club.
* * * LOW HITPOINT WARNING * * *
You hit the orc but do no damage. The orc hits you with a +0 club.
* * * LOW HITPOINT WARNING * * *
The orc closely misses you.
You hit the orc. You block the orc's attack.
You closely miss the orc. The orc hits you with a +0 club.
You die...

###########
.........
#......#
#......##
#.......#
#.......#
#<#........
#@#.#.#.###
#o###.# #
#o....#
#..).##
.........
###....####
....$.
##.....#
....#.#


You could see 2 orcs.

Vanquished Creatures
  An orc priest (D:4)
  2 orc wizards (D:3)
  3 worms
  3 dart slugs
  2 leopard geckos
  8 orcs
  A ball python (D:3)
  2 giant cockroaches
  8 goblins
  7 hobgoblins
  2 jackals (D:3)
  A quokka (D:4)
  5 bats
  2 frilled lizards (D:3)
  4 kobolds
  7 rats
58 creatures vanquished.

Vanquished Creatures (others)
  13 plants (D:1)
13 creatures vanquished.

Grand Total: 71 creatures vanquished

Notes
Turn   | Place    | Note
-------+----------+-------------------------------------------
     0 | D:1      | MalarOregon the Halfling Hunter began the quest for the
                  | Orb.
     0 | D:1      | Reached XP level 1. HP: 14/14 MP: 1/1
    76 | D:1      | Reached skill level 6 in Slings
    76 | D:1      | Reached XP level 2. HP: 19/19 MP: 2/2
   396 | D:1      | Reached XP level 3. HP: 24/24 MP: 3/3
  1133 | D:2      | Reached skill level 1 in Short Blades
  1417 | D:3      | Reached XP level 4. HP: 27/29 MP: 4/4
  1712 | D:3      | Reached skill level 1 in Spellcasting
  1712 | D:3      | Reached XP level 5. HP: 6/34 MP: 6/6
  1716 | D:3      | Reached skill level 7 in Slings
  2128 | D:3      | Found a glowing golden altar of the Shining One.
  2130 | D:3      | Found a white marble altar of Elyvilon.
  2130 | D:3      | Found a hide-covered altar of Uskayaw.
  2182 | D:3      | Found an iron altar of Okawaru.
  2479 | D:4      | HP: 1/35 [orc/+0 club (4)]
  2481 | D:4      | Slain by an orc

Illustrated notes

Levels and vault maps discovered:
D:1:      lightli_arrival_farm, layout_basic
D:2:      layout_loops_cross, minmay_ruptured
D:3:      layout_rooms, kennysheep_okawaru_gauntlet,
          gammafunk_temple_overflow_claw
D:4:      layout_basic, temple_pool_b, minmay_goblin_kobold_house

Skill      XL: |  1  2  3  4  5 |
---------------+----------------+-----
Slings         | 6 7 |  7.1
Fighting       | 2 |  2.4
Short Blades   | 1 |  1.7
Stealth        | 2 |  2.5
Spellcasting   | 1 |  1.0
Dodging        | |  2.8
Shields        | |  0.4

Action                   |  1- 3 |  4- 6 || total
-------------------------+-------+-------++-------
Melee: Short sword       |    42 |    70 ||   112
 Fire: Hunting sling     |    31 |    13 ||    44
 Abil: Evoke Flight      |       |     1 ||     1
  Use: Scroll            |     1 |       ||     1
 Stab: Sleeping          |     2 |       ||     2
Armor: Leather armour    |     6 |    26 ||    32
Dodge: Dodged            |    27 |    49 ||    76
Block: Kite shield       |       |    19 ||    19

Table legend: (Time is in decaauts)
 A = Elapsed time spent in this place.
 B = Non-inter-level travel time spent in this place.
 C = Inter-level travel time spent in this place.
 D = Time resting spent in this place.
 E = Time spent auto-exploring this place.
 F = Levels seen in this place.
 G = Mean time per level.
                   A        B        C        D        E       F      G
               +--------+--------+--------+--------+--------+-----+--------+
         Total |   2512 |   2381 |    131 |    223 |   1672 |   4 |  628.0 |
       Dungeon |   2512 |   2381 |    131 |    223 |   1672 |   4 |  628.0 |
               +--------+--------+--------+--------+--------+-----+--------+

Top non-repeatable levels by time:
     D:2: 1059 daAuts
     D:3: 743 daAuts
     D:1: 657 daAuts
     D:4: 51 daAuts
